 Dungeon Crawl Stone Soup version 0.25-a0-713-g4845790874 (webtiles) character file.

Game seed: 17472523366994565257, levelgen mode: deterministic

51675 mortelune the Basher (level 15, -19/107 HPs)
             Began as a Formicid Abyssal Knight on Apr 5, 2020.
             Was the Champion of Lugonu.
             Killed from afar by an ice dragon (43 damage)
             ... with a blast of cold
             ... on level 1 of the Lair of Beasts.
             The game lasted 01:04:00 (25592 turns).

mortelune the Basher (Formicid Abyssal Knight)     Turns: 25592, Time: 01:04:00

Health: -19/107    AC: 19    Str: 24    XL:     15   Next: 3%
Magic:  0/24       EV: 13    Int: 11    God:    Lugonu [******]
Gold:   1528       SH: 13    Dex: 16    Spells: 14/14 levels left

rFire    + . .     SeeInvis +   a - +0 dire flail
rCold    . . .     Gourm    .   o - +2 kite shield
rNeg     + . .     Faith    .   J - +2 chain mail {rF+}
rPois    .         Spirit   +   (helmet unavailable)
rElec    .         Reflect  .   v - +1 cloak
rCorr    .         Harm     .   (no gloves)
MR       ++...                  p - +1 pair of boots
Stlth    ..........             f - amulet of Ystesuci {Spirit Dex+6}
HPRegen  0.27/turn              s - +5 ring of evasion
MPRegen  0.19/turn              B - ring "Tujur" {rN+ Slay+2}

@: no status effects
A: permanent stasis, dig shafts and tunnels, four strong arms, antennae 3, frail
1, magic resistance 1
a: Dig, Shaft Self, Depart the Abyss, Bend Space, Banish, Corrupt, Enter the
Abyss, Brand Weapon With Distortion, Renounce Religion


You were on level 1 of the Lair of Beasts.
You worshipped Lugonu.
Lugonu was exalted by your worship.
You were not hungry.

You visited 2 branches of the dungeon, and saw 17 of its levels.
You visited the Abyss 1 time.
You also visited: Ossuary and Ice Cave.

You collected 2079 gold pieces.
You spent 551 gold pieces at shops.

Inventory:

Hand Weapons
 a - a +0 dire flail (weapon)
 b - a +9 fustibalus of freezing
 I - a +0 arbalest
Missiles
 e - 74 poisoned darts (quivered)
 h - 60 sling bullets
 i - 417 stones
 K - 165 bolts
Armour
 o - a +2 kite shield (worn)
 p - a +1 pair of boots (worn)
 v - a +1 cloak (worn)
 y - a +2 ring mail of positive energy
 J - a +2 chain mail of fire resistance (worn)
 R - a +0 buckler
Jewellery
 f - the amulet of Ystesuci (around neck) {Spirit Dex+6}
   (You acquired it on level 6 of the Dungeon)

   [amulet of guardian spirit]

   It causes incoming damage to be split between your health and magic.
   It affects your dexterity (+6).
 k - an uncursed ring of protection from magic
 q - a +3 ring of slaying
 r - a +1 ring of evasion
 s - a +5 ring of evasion (left hand)
 z - an uncursed ring of flight
 B - the ring "Tujur" (right hand) {rN+ Slay+2}
   (You found it in an ice cave)

   [ring of positive energy]

   It affects your accuracy and damage with ranged weapons and melee attacks
   (+2).
   It protects you from negative energy.
 P - the ring of Joplozir {+Blink rN+ Dex+3}
   (You found it on level 10 of the Dungeon)

   [ring of dexterity]

   It affects your dexterity (+3).
   It protects you from negative energy.
   It lets you blink.
 Q - an uncursed amulet of the acrobat {unknown}
 V - an uncursed amulet of faith {unknown}
 W - an uncursed ring of resist corrosion
 X - a +3 ring of strength
 Z - an uncursed ring of positive energy {unknown}
Wands
 H - a wand of flame (50)
 M - a wand of disintegration (32)
 S - a wand of iceblast (9)
 T - a wand of paralysis (6)
 U - a wand of scattershot (5)
Scrolls
 j - 2 scrolls of amnesia
 l - 5 scrolls of immolation
 m - 4 scrolls of fear
 w - 4 scrolls of enchant weapon
 x - 15 scrolls of remove curse
 C - a scroll of noise
 E - 2 scrolls of enchant armour
 G - a scroll of magic mapping
 L - 4 scrolls of identify
 Y - a scroll of silence {unknown}
Potions
 d - 9 potions of curing
 g - 4 potions of lignification
 n - 7 potions of flight
 t - 5 potions of brilliance
 u - 2 potions of invisibility
 A - 4 potions of might
 D - a potion of cancellation
 F - 3 potions of magic
 N - a potion of stabbing
Comestibles
 c - 26 rations


   Skills:
 + Level 11.4 Fighting
 - Level 14.0 Maces & Flails
 + Level 10.8 Slings
 + Level 11.2 Armour
 - Level 0.8 Dodging
 + Level 7.1 Shields
 + Level 12.1 Invocations


You had 14 spell levels left.
You didn't know any spells.
Your spell library contained the following spells:

 Spells                   Type           Power        Failure   Level  Hunger
 Animate Skeleton         Necr           N/A          95%         1    ##.....
 Corona                   Hex            #......      95%         1    ##.....
 Pain                     Necr           #...         95%         1    ##.....
 Ensorcelled Hibernation  Hex/Ice        #.....       99%         2    ###....
 Confusing Touch          Hex            #.......     100%        3    ####...
 Dazzling Flash           Conj/Hex       #.....       100%        3    ####...
 Tukima's Dance           Hex            #.......     100%        3    ####...
 Vampiric Draining        Necr           #.........   100%        3    ####...
 Animate Dead             Necr           N/A          100%        4    #####..
 Agony                    Necr           #.......     100%        5    ######.


Dungeon Overview and Level Annotations

Branches:
Dungeon (11/15)            Temple (0/1) D:5            Lair (6/6) D:9
 Shoals (0/4) Lair:2       Spider (0/4) Lair:3        Slime (0/5) Lair:5
    Orc (0/2) D:9         Ossuary (visited)           IceCv (visited)

Altars:
Ashenzari
Cheibriados
Dithmenos
Kikubaaqudgha
Makhleb
Okawaru
Qazlal
Xom
Jiyva

Shops:
D:7 (   D:8 =

Annotations:
D:10 1 runed translucent door, Iscandelvey's ghost, novice DsSk


Innate Abilities, Weirdness & Mutations

You cannot be hasted, slowed, berserked, paralysed or teleported.
You can dig through walls and to a lower floor.
Your four strong arms can wield two-handed weapons with a shield.
You have a pair of large antennae on your head. (SInv)
You are frail. (-10% HP)
You are resistant to hostile enchantments. (MR+)


Message History

You barely miss the ice dragon.
The ice dragon is severely wounded.
The ice dragon misses you. The ice dragon closely misses you.
You block the ice dragon's attack.
You hit the ice dragon.
The ice dragon is severely wounded.
You hit the ice dragon.
The ice dragon is severely wounded.
The ice dragon breathes frost at you. The blast of cold hits you!!!
* * * LOW HITPOINT WARNING * * *
You hear an angry hiss.
Space bends sharply around you!
You blink.
Space bends sharply around you!
You blink.
The rime drake hisses angrily.
The rime drake breathes ice at you. The flash freeze misses you.
The ice dragon breathes frost at you. The blast of cold hits you!!!
You die...

#................##.#
#...........###......
#.......##### ##.....
#.....###..... #.....
#....##...k..Z.##....
##..##....###...#....
###.#....##.{.{.#..##
#.#.#....#....Z##...#
##..@%..##%..{.#....#
##.+.'...#?.=...#..#..
#....'...#!...#.##.#>#
####..Z.#kZ.##$. #..#...#
#.(DZZ§.#....# #{.#...#
####....##....###...#.#..
#.....###.....{.##....
#[......###..{###...##
#.........#####.....#P


You could see an ice dragon, 2 rime drakes, 2 porcupine simulacra, a hippogriff
simulacrum and a spiny frog simulacrum.

Vanquished Creatures
  7 hydras
  The ghost of Fedex the Magician, a journeyman GnWr of Okawaru (Lair:1)
  2 catoblepae
  2 ice dragons (IceCv)
  4 death yaks
  A deep troll shaman (Lair:6)
  3 unseen horrors
  A lindwurm (Lair:6)
  An oklob plant (Lair:2)
  11 elephants
  A black mamba (Lair:5)
  2 ice statues (IceCv)
  Joseph (D:8)
  12 spiny frogs
  A kobold demonologist (D:8)
  5 rime drakes
  7 komodo dragons
  A hornet (D:10)
  2 trolls (D:9)
  9 polar bears
  4 blink frogs (Lair:5)
  10 hippogriffs
  10 dream sheep
  3 wyverns
  A spriggan (D:7)
  31 yaks
  A wraith (D:11)
  Grum (D:9)
  2 basilisks (Lair:2)
  Eustachio (D:6)
  Menkaure (Ossuary)
  16 water moccasins
  10 porcupines
  A sky beast (D:5)
  19 ice beasts
  11 black bears
  A necrophage (D:9)
  7 ogres
  2 orc warriors
  2 phantoms
  16 wolves
  5 centaurs
  19 crocodiles
  2 big kobolds
  7 bullfrogs
  3 scorpions
  A water moccasin skeleton (D:10)
  10 wights
  8 killer bees
  A howler monkey (D:8)
  A vampire bat (D:8)
  3 electric eels
  6 crimson imps
  4 centaur zombies (Ossuary)
  2 bullfrog zombies
  3 jellies
  5 hounds
  A centaur skeleton (D:4)
  3 bullfrog skeletons
  3 orc priests (D:8)
  A gnoll shaman (D:10)
  Jessica (D:3)
  3 iguanas
  12 orc wizards
  5 hell rats (Lair:6)
  11 worker ants
  A wolf simulacrum (Lair:1)
  A big kobold zombie (Ossuary)
  An ogre zombie (Ossuary)
  A porcupine simulacrum (Lair:1)
  6 mummies (Ossuary)
  8 gnolls
  3 howler monkey skeletons
  5 adders
  4 shadow imps
  12 white imps (Lair:5)
  2 oozes
  2 adder skeletons
  3 adder zombies
  4 worms
  4 dart slugs
  6 leopard geckos
  39 orcs
  3 bat skeletons (D:8)
  3 bat zombies (D:8)
  7 giant cockroaches
  A gnoll zombie (Ossuary)
  5 goblins
  3 hobgoblins
  9 jackals
  2 quokkas
  2 ball pythons
  8 bats
  2 frilled lizards
  A giant cockroach zombie (D:5)
  7 goblin zombies (Ossuary)
  3 hobgoblin zombies (Ossuary)
  A jackal skeleton (D:6)
  10 kobolds
  4 kobold zombies (Ossuary)
  A leopard gecko skeleton (D:5)
  5 quokka zombies
  8 rats
  3 rat zombies (Ossuary)
  2 plants (Lair:2)
536 creatures vanquished.

Vanquished Creatures (others)
  12 fungi
  4 plants
16 creatures vanquished.

Grand Total: 552 creatures vanquished

Notes
Turn   | Place    | Note
-------+----------+-------------------------------------------
     0 | Abyss:1  | mortelune the Formicid Abyssal Knight began the quest for
                  | the Orb.
     0 | Abyss:1  | Reached XP level 1. HP: 18/18 MP: 2/2
    51 | Abyss:1  | Noticed an ancient zyme
    52 | D:1      | Escaped the Abyss
   109 | D:1      | Reached XP level 2. HP: 22/24 MP: 3/3
   860 | D:1      | Reached * piety under Lugonu
  1116 | D:2      | Reached XP level 3. HP: 14/29 MP: 4/4
  1479 | D:2      | Found a shadowy altar of Dithmenos.
  1748 | D:2      | Reached XP level 4. HP: 35/37 MP: 6/6
  2073 | D:3      | Reached skill level 3 in Maces & Flails
  2454 | D:3      | Found a burning altar of Makhleb.
  2470 | D:3      | Reached XP level 5. HP: 35/42 MP: 7/7
  2487 | D:3      | Noticed Jessica
  2496 | D:3      | Killed Jessica
  2691 | D:3      | Reached ** piety under Lugonu
  2868 | D:3      | Reached skill level 1 in Slings
  3383 | D:4      | Reached XP level 6. HP: 48/48 MP: 8/8
  3405 | D:4      | Noticed an ogre
  3476 | D:4      | Killed an ogre
  3476 | D:4      | Reached skill level 4 in Maces & Flails
  3879 | D:4      | Noticed an ogre
  3982 | D:3      | Killed an ogre
  3982 | D:3      | Reached XP level 7. HP: 53/55 MP: 8/10
  4475 | D:4      | Reached skill level 5 in Maces & Flails
  4891 | D:5      | Entered Level 5 of the Dungeon
  4913 | D:5      | Reached skill level 5 in Fighting
  4913 | D:5      | Reached XP level 8. HP: 47/62 MP: 11/11
  4997 | D:5      | Found a staircase to the Ecumenical Temple.
  5595 | D:5      | Found a shattered altar of Ashenzari.
  6026 | D:6      | Found a sand-covered staircase.
  6031 | Ossuary  | Entered an ossuary
  6174 | Ossuary  | Reached *** piety under Lugonu
  6347 | Ossuary  | Reached skill level 5 in Invocations
  6469 | Ossuary  | Noticed Menkaure
  6506 | Ossuary  | Reached skill level 6 in Maces & Flails
  6637 | Ossuary  | Killed Menkaure
  6637 | Ossuary  | Reached skill level 5 in Armour
  7098 | Ossuary  | Identified a scroll of acquirement
  7120 | D:6      | Identified the amulet of Ystesuci {Spirit Dex+6} (You
                  | acquired it on level 6 of the Dungeon)
  7468 | D:6      | Reached XP level 9. HP: 56/69 MP: 9/13
  7803 | D:6      | Noticed Eustachio
  7820 | D:6      | Killed Eustachio
  7979 | D:6      | Reached skill level 7 in Maces & Flails
  8585 | D:6      | Noticed a hippogriff
  8613 | D:6      | Killed a hippogriff
  9033 | D:7      | Found Ygeas's Weapon Boutique.
  9040 | D:7      | Bought a +0 morningstar for 56 gold pieces
  9143 | D:7      | Reached **** piety under Lugonu
  9264 | D:7      | Reached skill level 5 in Slings
  9610 | D:7      | Reached skill level 8 in Maces & Flails
  9610 | D:7      | Reached XP level 10. HP: 77/77 MP: 12/15
  9827 | D:8      | Found Lavvor's Jewellery Shoppe.
 10003 | D:8      | Bought a +3 ring of slaying for 495 gold pieces
 10297 | D:8      | Noticed Joseph
 10309 | D:8      | Killed Joseph
 10743 | D:8      | Found an ancient bone altar of Kikubaaqudgha.
 11067 | D:8      | Reached skill level 9 in Maces & Flails
 11234 | D:8      | Found a stormy altar of Qazlal.
 11353 | D:9      | Noticed a kobold demonologist
 11375 | D:9      | Noticed an ice devil
 11379 | D:8      | Killed a kobold demonologist
 11572 | D:9      | Noticed Grum
 11581 | D:9      | Reached ***** piety under Lugonu
 11597 | D:9      | Killed Grum
 11611 | D:9      | Reached XP level 11. HP: 49/85 MP: 10/17
 11863 | D:9      | Found a shimmering altar of Xom.
 11863 | D:9      | Found a snail-covered altar of Cheibriados.
 11945 | D:9      | Noticed an elephant
 11978 | D:9      | Killed an elephant
 12383 | D:9      | Found a staircase to the Lair.
 12730 | D:9      | Reached skill level 10 in Maces & Flails
 12745 | D:9      | Found a staircase to the Orcish Mines.
 12754 | D:10     | Entered Level 10 of the Dungeon
 13095 | D:10     | Got a twitching turquoise ring
 13378 | D:10     | Noticed an unseen horror
 13388 | D:10     | Killed an unseen horror
 13538 | D:10     | Found a runed translucent door.
 13538 | D:10     | Noticed Iscandelvey's ghost (novice DsSk)
 14277 | D:11     | Noticed a red ugly thing
 14278 | D:11     | Noticed an unseen horror
 14289 | D:10     | Banished a red ugly thing
 15088 | D:11     | Killed an unseen horror
 15277 | D:11     | Noticed an unseen horror
 15285 | D:11     | Killed an unseen horror
 15285 | D:11     | Reached XP level 12. HP: 90/94 MP: 16/18
 15423 | D:11     | Identified the ring of Joplozir {+Blink rN+ Dex+3} (You
                  | found it on level 10 of the Dungeon)
 15492 | Lair:1   | Entered Level 1 of the Lair of Beasts
 15594 | Lair:1   | Found a runed translucent gate.
 15599 | Lair:1   | Noticed an ice dragon
 15606 | Lair:1   | Found a runed translucent gate.
 15606 | Lair:1   | Found a runed translucent gate.
 15635 | Lair:1   | Reached skill level 11 in Maces & Flails
 15785 | Lair:1   | Noticed Fedex's ghost (journeyman GnWr)
 17019 | Lair:2   | Noticed a five-headed hydra
 17214 | Lair:2   | Noticed a catoblepas
 17229 | Lair:2   | Killed a catoblepas
 17272 | Lair:2   | Reached skill level 10 in Invocations
 17546 | Lair:2   | Killed a five-headed hydra
 17638 | Lair:2   | Reached ****** piety under Lugonu
 17758 | Lair:2   | Noticed a seven-headed hydra
 17769 | Lair:2   | Killed a seven-headed hydra
 17769 | Lair:2   | Reached skill level 12 in Maces & Flails
 17769 | Lair:2   | Reached XP level 13. HP: 103/103 MP: 20/20
 17789 | Lair:2   | Reached skill level 1 in Shields
 17802 | Lair:2   | Found an iron altar of Okawaru.
 18058 | Lair:2   | Found a staircase to the Shoals.
 18186 | Lair:2   | Reached skill level 10 in Fighting
 19077 | Lair:3   | Found a hole to the Spider Nest.
 19131 | Lair:3   | Reached skill level 10 in Armour
 19410 | Lair:3   | Noticed a seven-headed hydra
 19426 | Lair:3   | Killed a seven-headed hydra
 19750 | Lair:4   | Noticed a six-headed hydra
 19807 | Lair:4   | Killed a six-headed hydra
 20191 | Lair:4   | Noticed a four-headed hydra
 20199 | Lair:4   | Killed a four-headed hydra
 20450 | Lair:4   | Noticed a seven-headed hydra
 20461 | Lair:4   | Killed a seven-headed hydra
 20782 | Lair:5   | Reached skill level 13 in Maces & Flails
 21065 | Lair:5   | Found a frozen archway.
 21074 | IceCv    | Entered an ice cave
 21098 | IceCv    | Reached XP level 14. HP: 53/111 MP: 17/22
 21451 | IceCv    | Reached skill level 5 in Shields
 21552 | IceCv    | Reached skill level 10 in Slings
 21734 | IceCv    | Gained mutation: You are frail. (-10% HP) [potion of
                  | mutation]
 21734 | IceCv    | Gained mutation: You are resistant to hostile enchantments.
                  | (MR+) [potion of mutation]
 22084 | IceCv    | Got a wavering wooden ring
 22086 | IceCv    | Identified the ring "Tujur" {rN+ Slay+2} (You found it in
                  | an ice cave)
 22517 | Lair:5   | Found a viscous altar of Jiyva.
 22517 | Lair:5   | Found a staircase to the Slime Pits.
 22713 | Lair:5   | Got a wavering silver ring
 23178 | Lair:5   | Identified the ring of Goelac Tenn {MP+9 SInv Stlth+} (You
                  | found it on level 5 of the Lair of Beasts)
 23188 | Lair:5   | Identified the +2 pair of gloves "Ytrue" {rElec Str+4 Dex-2
                  | SInv} (You acquired it on level 5 of the Lair of Beasts)
 23218 | Lair:6   | Entered Level 6 of the Lair of Beasts
 25166 | Lair:6   | Reached skill level 14 in Maces & Flails
 25266 | Lair:6   | Reached XP level 15. HP: 107/107 MP: 24/24
 25584 | Lair:1   | Killed Fedex's ghost
 25592 | Lair:1   | Killed from afar by an ice dragon

Levels and vault maps discovered:
D:1:      psy_arrival_conway, layout_basic, grunt_decor_fettered
D:2:      layout_basic, minmay_stone_trees_small,
          nicolae_dithmenos_shadow_blocks
D:3:      layout_basic, bloody_makhleb, first_ration, uniq_jessica
D:4:      layout_rooms, serial_co_window_serial, co_window_of_opportunity_a,
          co_window_corner_a, co_window_paths_b, co_window_paths_a,
          co_window_cross_1, co_window_paths_a, co_window_cross_1,
          co_window_of_opportunity_b, co_window_of_opportunity_c,
          co_window_2corner, co_window_cross_2, co_window_paths_c,
          co_window_2corner, co_window_corner_b, co_window_paths_d,
          glass_columns_c, grunt_decor_resistance, minmay_close_crescents
D:5:      layout_loops_ring, cheibrodos_ashenzari_chains,
          minmay_temple_entry_drinking_statues, minmay_circle_x
D:6:      kennysheep_six_static_rooms, layout_loops_corners,
          nicolae_ossuary_entry_plus, uniq_eustachio
D:7:      layout_basic, serial_shops, shop, the_bakery
D:8:      layout_loops_ring, kennysheep_vampire_church, lemuel_round_altar,
          serial_shops, shop_fountains, serial_bayou_ford_a,
          chequers_mini_garden, minmay_fractal_squares_diagonal_5, uniq_joseph
D:9:      layout_small_grid, gammafunk_temple_overflow_elements,
          david_lair_generic, kennysheep_crisscross,
          chequers_serial_rivers_marsh, billiards_dpeg, uniq_grum
D:10:     layout_irregular_city, ebering_ghost_inner_flame
D:11:     layout_cave_pods
Lair:1:   layout_roguey, gammafunk_ghost_icy, hibernation_bobbens
Lair:2:   beast_lair_carwin_large_4, layout_long_grid, shoals_dummy_entry,
          lemuel_oklob_altar
Lair:3:   minmay_lair_oklob_tunnel, layout_regular_city,
          spider_nest_entry_web_field, infiniplex_staircase_pool,
          grunt_megastairs_2, serial_bayou_shore_b
Lair:4:   layout_misc_corridors, chequers_serial_rivers_room_b
Lair:5:   layout_cave_pods, dpeg_slime_entry_enclosed_altar,
          portal_ice_cave_entry_imps, st_stairs_5, serial_bayou_shore_a
Lair:6:   grunt_lair_end_beastmaster, layout_cave_pods, grunt_megastairs_3

Skill      XL: |  1  2  3  4  5  6  7  8  9 10 11 12 13 14 |
---------------+-------------------------------------------+-----
Maces & Flails | 3 4 5 6 8 9 10 12 13 14 | 14.0
Invocations    | 3 4 5 6 8 9 10 11 12 | 12.1
Armour         | 3 4 5 6 7 8 9 10 11 | 11.2
Fighting       | 4 5 6 7 8 9 10 11 | 11.4
Slings         | 1 2 3 5 6 7 8 9 10 | 10.8
Shields        | 4 7 |  7.1
Dodging        | |  0.8

Action                   |  1- 3 |  4- 6 |  7- 9 | 10-12 | 13-15 || total
-------------------------+-------+-------+-------+-------+-------++-------
Melee: Mace              |    42 |       |       |       |       ||    42
       Flail             |    37 |    66 |   304 |       |       ||   407
       Dire flail        |       |       |    22 |   334 |   603 ||   959
       Morningstar       |       |       |    13 |       |       ||    13
       Hunting sling     |       |       |       |     1 |       ||     1
 Fire: Hunting sling     |       |   107 |   196 |   463 |   210 ||   976
       Fustibalus        |       |       |       |       |   153 ||   153
Throw: Dart              |    35 |     2 |       |     1 |       ||    38
Invok: Depart the Abyss  |     1 |       |       |       |       ||     1
       Bend Space        |       |       |     1 |       |     2 ||     3
       Banish            |       |       |       |     1 |       ||     1
 Abil: Dig               |       |       |       |       |     6 ||     6
Evoke: Wand              |       |       |       |       |     2 ||     2
  Use: Scroll            |       |       |    16 |    11 |     8 ||    35
       Potion            |       |       |       |       |     4 ||     4
 Stab: Petrified         |       |       |       |     2 |       ||     2
  Eat: Chunk             |     3 |     5 |     6 |    18 |    19 ||    51
       Ration            |       |       |     4 |     2 |     2 ||     8
Armor: Leather armour    |    33 |     8 |       |       |       ||    41
       Ring mail         |       |     7 |   112 |    61 |       ||   180
       Chain mail        |       |       |       |   109 |   220 ||   329
Dodge: Dodged            |    65 |    59 |   273 |   263 |   231 ||   891
Block: Buckler           |       |       |       |    42 |       ||    42
       Kite shield       |       |       |       |     1 |   321 ||   322

Table legend:
 A = Non-vault XP
 B = Vault XP
 C = Vault XP percentage of total XP
 D = Non-vault monster count
 E = Vault monster count
 F = Vault count percentage of total count
                 A         B        C        D         E       F
            +---------+---------+-------+---------+---------+-------
      Total |   48044 |   25778 |  34.9 |     385 |     150 |  28.0
            +---------+---------+-------+---------+---------+-------
        D:1 |      17 |       0 |   0.0 |      12 |       0 |   0.0
        D:2 |      58 |       0 |   0.0 |      22 |       0 |   0.0
        D:3 |     255 |      37 |  12.7 |      28 |       1 |   3.4
        D:4 |     598 |     136 |  18.5 |      16 |       2 |  11.1
        D:5 |     261 |       0 |   0.0 |      13 |       0 |   0.0
        D:6 |     852 |     420 |  33.0 |      18 |       6 |  25.0
        D:7 |     765 |     211 |  21.6 |      15 |       1 |   6.2
        D:8 |    1723 |     765 |  30.7 |      40 |       9 |  18.4
        D:9 |    1412 |    1646 |  53.8 |      22 |      12 |  35.3
       D:10 |    3525 |       0 |   0.0 |      44 |       0 |   0.0
       D:11 |    2640 |       0 |   0.0 |      16 |       0 |   0.0
     Lair:1 |    3108 |     922 |  22.9 |      13 |       3 |  18.8
     Lair:2 |    8649 |    3704 |  30.0 |      29 |      16 |  35.6
     Lair:3 |    5709 |     147 |   2.5 |      29 |       1 |   3.3
     Lair:4 |    5296 |       0 |   0.0 |      17 |       0 |   0.0
     Lair:5 |    6035 |    3011 |  33.3 |      25 |      16 |  39.0
     Lair:6 |    7141 |    8853 |  55.4 |      26 |      26 |  50.0
    Ossuary |       0 |     549 | 100.0 |       0 |      37 | 100.0
      IceCv |       0 |    5377 | 100.0 |       0 |      20 | 100.0
            +---------+---------+-------+---------+---------+-------
